 Dungeon Crawl Stone Soup version 0.32-a0-42-ga30500b4d3 (webtiles) character file.

Game seed: 16836626417427355072

1763587 PaperRat the Demolition Djinni (level 27, 175/203 HPs)
             Began as a Djinni Hedge Wizard on Jan 29, 2024.
             Was an Elder of Makhleb.
             Escaped with the Orb
             ... and 3 runes on Jan 30, 2024!
             The game lasted 05:18:00 (60998 turns).

PaperRat the Demolition Djinni (DjHW)              Turns: 60998, Time: 05:18:00

Health: 175/203    AC: 21    Str: 11    XL:     27
Gold:   5501       EV: 21    Int: 30    God:    Makhleb [****..] SH: 17 Dex: 16

rFire   + + +        w - staff "Puwnapno" {rF+ SInv Necro Earth, !a}
rCold   + . .        v - +3 kite shield {rC+}
rNeg    + . .        T - +3 troll leather armour
rPois   ∞            o - -2 hat of the Alchemist {rElec rPois rF+ rC+ rN+ Will+ rMut rCorr}
rElec   +            G - +2 cloak {rCorr}
rCorr   +            A - +2 pair of gloves {Str+3}
SInv    +            (boots unavailable)
Will    +++..        U - amulet of regeneration
Stlth   +            F - +4 ring of protection
HPRegen 2.13/turn    J - +4 ring of protection {=R}
MPRegen 0.00/turn

%: resist mutation
@: flying, studying Polearms
A: sickness immunity, fire resistance 2, cold vulnerability 1, float, innate
caster, HP casting, extra vitality 1, antennae 1, clever 1, MP-powered wands
0: Orb of Zot
}: 3/15 runes: decaying, silver, gossamer
a: Renounce Religion, Minor Destruction, Lesser Servant of Makhleb, Major
Destruction


You escaped.
You worshipped Makhleb.
Makhleb was greatly pleased with you.
You visited 10 branches of the dungeon, and saw 48 of its levels.
You also visited: Ice Cave.

You collected 7853 gold pieces.
You spent 2352 gold pieces at shops.

Inventory:

Hand Weapons
 q - a +7 demon blade of freezing
Missiles
 f - 38 poisoned darts (quivered)
 S - 2 throwing nets {!f}
Armour
 o - the -2 hat of the Alchemist (worn) {rElec rPois rF+ rC+ rN+ Will+ rMut rCorr}
   (You bought it in a shop on level 7 of the Dungeon)

   rF+:       It protects you from fire.
   rC+:       It protects you from cold.
   rElec:     It insulates you from electricity.
   rPois:     It protects you from poison rN+: It protects you from negative
   energy.
   Will+:     It increases your willpower.
   rCorr:     It protects you from acid and corrosion.
   rMut:      It protects you from mutation.
 v - a +3 kite shield of cold resistance (worn)
 A - a +2 pair of gloves of strength (worn)
 G - a +2 cloak of preservation (worn)
 T - a +3 troll leather armour (worn)
Magical Staves
 a - a staff of air {!a}
 w - the staff "Puwnapno" (weapon) {rF+ SInv Necro Earth, !a}
   (You found it on level 1 of the Realm of Zot)

   [staff of earth]

   Base accuracy: +5 Base damage: 5 Base attack delay: 1.2 This weapon's minimum
   attack delay (0.6) is reached at skill level 12.
   rF+:       It protects you from fire.
   SInv:      It lets you see invisible.
   Necro:     It increases the power of your Necromancy spells.
   Earth:     It increases the power of your Earth spells.
   It falls into the 'Staves' category.
   It is a one-handed weapon.
 H - a staff of cold
Jewellery
 p - a ring of wizardry
 E - the ring "Voinal Abbe" {rN+ Will+}
   (You found it on level 5 of the Lair of Beasts)

   [ring of positive energy]

   rN+:       It protects you from negative energy.
   Will+:     It increases your willpower.
 F - a +4 ring of protection (left hand)
 J - a +4 ring of protection (right hand) {=R}
 O - a +6 ring of intelligence
 Q - the ring "Oclaf" {rPois MP-9 Str+6 SInv}
   (You found it on level 5 of the Vaults)

   [ring of strength]

   Str+6:     It affects your strength (+6).
   rPois:     It protects you from poison MP-9: It affects your magic capacity
   (-9).
   SInv:      It lets you see invisible.
 R - the ring of the Wereyak {+Blink rPois rN+ Int+3 Dex-5 Slay+4}
   (You acquired it on level 2 of the Vaults)

   [ring of slaying]

   Int+3:     It affects your intelligence (+3).
   Dex-5:     It affects your dexterity (-5).
   Slay+4:    It affects your accuracy & damage with ranged weapons and melee
   (+4).
   rPois:     It protects you from poison rN+: It protects you from negative
   energy.
   +Blink:    It lets you blink.
 U - an amulet of regeneration (around neck)
 Y - the ring of Broken Luck {rF+ rN+ Will- AC+4 Int+2}
   (You took it off a vault warden on level 5 of the Vaults)

   [ring of protection]

   AC+4:      It affects your AC (+4).
   Int+2:     It affects your intelligence (+2).
   rF+:       It protects you from fire.
   rN+:       It protects you from negative energy.
   Will-:     It decreases your willpower.
Wands
 b - a wand of iceblast (42)
 c - a wand of acid (2)
 d - a wand of digging (18)
 m - a wand of polymorph (31)
 n - a wand of paralysis (14)
 z - a wand of mindburst (38)
Scrolls
 e - 8 scrolls of immolation
 s - 9 scrolls of poison
 t - 4 scrolls of fog {@r2}
 u - 9 scrolls of teleportation {@r3}
 x - 13 scrolls of fear {@r4}
 y - 5 scrolls of blinking {@r5}
 D - a scroll of acquirement
 L - 2 scrolls of summoning
 P - 7 scrolls of vulnerability
Potions
 g - 6 potions of enlightenment {@q6}
 h - 4 potions of brilliance {@q5}
 i - 6 potions of mutation {@q7}
 j - 2 potions of heal wounds {@q2}
 l - 7 potions of ambrosia
 r - 2 potions of haste {@q4}
 C - 10 potions of might {@q3}
 I - 7 potions of resistance
 K - 17 potions of curing {@q1}
 M - 4 potions of cancellation
 N - 6 potions of lignification
 W - 3 potions of invisibility
Miscellaneous
 B - a phantom mirror
 V - a lightning rod (4/4)
 X - a box of beasts
 Z - a phial of floods


   Skills:
 + Level 19.3 Fighting
 - Level 6.0 Short Blades
 - Level 2.0 Polearms
 - Level 13.2 Armour
 + Level 19.4 Dodging
 + Level 7.1 Stealth
 - Level 16.0 Shields
 - Level 19.0 Spellcasting
 - Level 19.0 Conjurations
 - Level 19.0 Hexes
 - Level 19.0 Summonings
 - Level 19.0 Necromancy
 - Level 19.0 Translocations
 - Level 19.0 Fire Magic
 - Level 19.0 Ice Magic
 - Level 19.0 Air Magic
 - Level 19.0 Earth Magic
 - Level 19.0 Alchemy
 - Level 20.0 Invocations
 + Level 17.4 Evocations


You knew the following spells:

 Your Spells              Type           Power      Damage    Failure   Level
a - Plasma Beam           Fire/Air       48%        2x1d63    1%          6
b - Ozocubu's Refrigerat  Ice            48%        4d18      1%          7
c - Call Imp              Summ           100%       N/A       0%          2
d - Haunt                 Necr/Summ      59%        N/A       1%          7
e - Slow                  Hex            100%       N/A       0%          1
f - Mephitic Cloud        Conj/Alch/Air  97%        N/A       0%          3
g - Magic Dart            Conj           100%       1d8       0%          1
h - Borgnjor's Revivific  Necr           59%        N/A       9%          8
i - Arcjolt               Conj/Air       48%        1d58      1%          5
j - Death Channel         Necr           59%        N/A       1%          6
k - Infestation           Necr           59%        N/A       9%          8
l - Shatter               Erth           59%        3d44*     80%         9
o - Silence               Hex/Air        48%        N/A       1%          5
s - Mercury Vapours       Alch/Air       100%       N/A       0%          2
t - Blink                 Tloc           100%       N/A       0%          2
v - Cause Fear            Hex            48%        N/A       0%          4
w - Jinxbite              Hex            100%       N/A       0%          2
x - Summon Small Mammal   Summ           100%       N/A       0%          1
Your spell library was empty.

Dungeon Overview and Level Annotations

Branches:
Dungeon (15/15)            Temple (1/1) D:4            Lair (5/5) D:9
  Swamp (4/4) Lair:3       Spider (4/4) Lair:2        Slime (0/5) Lair:4
    Orc (2/2) D:11            Elf (3/3) Orc:2        Vaults (5/5) D:14
  Crypt (0/3) Vaults:2     Depths (4/4) D:15            Zot (5/5) Depths:4
  IceCv (visited)

Altars:
Ashenzari
Cheibriados
Dithmenos
Elyvilon
Fedhas
Gozag
Hepliaklqana
Makhleb
Nemelex Xobeh
Okawaru
Qazlal
Ru
Trog
Uskayaw
Wu Jian
Xom
Yredelemnul
Zin
The Shining One

Shops:
D:5 *   D:7 [   D:15 =   Orc:2 *[*:   Elf:1 (   Vaults:2 (

Portals:
Hell: Depths:1 Depths:2 Depths:3 Depths:4
Abyss: Depths:1 Depths:3
Pandemonium: Orc:2 Depths:2
Ziggurat: Depths:4

Annotations:
D:15 Roxanne
Elf:2 3 runed translucent doors, 1 exclusion


Innate Abilities, Weirdness & Mutations

You are immune to sickness and miasma.
You are immune to poison.
Your flesh is very heat resistant. (rF++)
You are vulnerable to cold. (rC-)
You float through the air rather than walking.
You learn spells naturally, not from books.
Your magical power is your life essence.
You have superior vitality. (+4 MHP)
You have a pair of small antennae on your head.
Your mind is acute. (Int +4, Str/Dex -1)
You expend health (3 HP) to strengthen your wands.


Message History

The pyre arrow hits the Tzitzimitl.
Your balrug gestures at the Tzitzimitl.
The Tzitzimitl is smitten.
Your cacodemon closely misses the Tzitzimitl. x2
The Tzitzimitl gestures at you.
The bolt of negative energy hits your cacodemon.
Your cacodemon completely resists.
The bolt of negative energy hits your balrug.
Your balrug completely resists.
The bolt of negative energy misses you.
A demon appears!
The Tzitzimitl burns!
Your balrug gestures at the Tzitzimitl.
The Tzitzimitl is smitten.
Your balrug misses the Tzitzimitl. Your Executioner hits the Tzitzimitl!
Your Executioner hits the Tzitzimitl. x2
Your blizzard demon hits the Tzitzimitl!
Your blizzard demon closely misses the Tzitzimitl.
Your cacodemon gestures at the Tzitzimitl.
The Tzitzimitl twists and deforms.
The Tzitzimitl engulfs your cacodemon but does no damage.
The Tzitzimitl bites your cacodemon!
A demon appears!
It doesn't seem very happy.
You can no longer summon a greater servant of Makhleb.
The Tzitzimitl burns!
Your Executioner hits the Tzitzimitl but does no damage.
Your Executioner hits the Tzitzimitl!
Your Executioner misses the Tzitzimitl. x2
Your Executioner hits the Tzitzimitl.
The Tzitzimitl dies!
Makhleb accepts your kill.
Your balrug hits the balrug with a +1 demon whip of draining!
The balrug is engulfed in flames.
The balrug completely resists.
Your balrug hits the balrug with a +2 demon whip of freezing!
The balrug is engulfed in flames.
The balrug completely resists.
Your balrug freezes the balrug!
Your balrug hits the balrug with a +0 demon whip!!
The balrug is engulfed in flames.
The balrug completely resists.
Your balrug hits the balrug with a +1 demon whip of draining!!
The balrug dies!
The balrug disappears in a puff of smoke!
You have escaped!

#...#~.~#≈≈≈#
#.##....#
#...#~.~#≈§§#
#.##.####
#...#~.~#§.§#
#....#
#...#...#§..#
######
#...........#
#...........#
#....222....#
#....2221...#
#...22@2....#
#...§§.2....#
#############


You could see 2 friendly cacodemons, 4 friendly balrugs, a friendly green death
(summoned), a friendly Executioner (summoned, fast) and 3 friendly blizzard
demons.

Vanquished Creatures
  An orb of fire (Zot:5)
  An ancient lich (Zot:5)
  Mara (Vaults:5)
  Bai Suzhen (Elf:3)
  5 Killer Klowns
  4 caustic shrikes
  6 golden dragons
  Nikola (Swamp:4)
  Norris (Vaults:2)
  Arachne (Spider:2)
  The ghost of nago the Warrior, an adept OnGl of Okawaru (Vaults:2)
  An electric golem (Zot:5)
  A hellephant (Depths:3)
  Zenata (Vaults:1)
  A lich (Depths:2)
  25 Orb Guardians (Zot:5)
  7 tentacled monstrosities
  Jorgrun (Elf:2)
  A walking frostbound tome (Depths:3)
  A deep elf blademaster (Elf:3)
  12 sphinxes
  4 quicksilver dragons
  The ghost of MrCrawl the Warrior, an adept DrFE of Vehumet (Spider:3)
  9 titans
  3 death cobs
  2 thorn hunters (Swamp:3)
  19 storm dragons
  Aizul (Vaults:1)
  8 shadow dragons
  A fenstrider witch (Swamp:4)
  3 protean progenitors
  7 draconian monks
  5 fire giants
  11 tengu reavers
  3 draconian shifters
  12 vault wardens
  5 draconian scorchers
  10 emperor scorpions
  3 iron dragons
  A juggernaut zombie (Depths:1)
  5 deep elf elementalists (Elf:3)
  7 frost giants
  11 deep elf sorcerers
  6 draconian knights
  4 ghost moths
  An orc warlord (Vaults:4)
  17 ironbound preservers
  An angel (Depths:4)
  8 draconian annihilators
  A ghoul (Vaults:2)
  14 stone giants
  A broodmother (Zot:5)
  2 draconian stormcallers
  A spriggan defender (Depths:2)
  A formless jellyfish (Vaults:2)
  9 ironbound thunderhulks
  19 very ugly things
  10 deep elf death magi
  8 green draconians
  7 eleionomae
  A lorocyproca (Zot:1)
  2 vampire knights
  10 black draconians
  6 deep elf demonologists
  6 war gargoyles
  13 yellow draconians
  7 deep elf annihilators
  10 purple draconians
  16 red draconians
  13 dire elephants
  Azrael (D:15)
  3 spark wasps
  9 white draconians
  4 fire dragons
  5 bunyips
  2 jiangshi (Depths:2)
  9 ettins
  Josephine (Orc:1)
  13 yaktaur captains
  8 deep elf high priests
  5 entropy weavers
  5 great orbs of eyes
  6 ice dragons
  4 rakshasas
  2 demonspawn (Orc:2)
  3 peacekeepers
  10 hydras
  11 two-headed ogres
  2 spriggan air magi
  44 vault guards
  14 ironbound frosthearts
  2 ogre magi
  2 jorogumos
  Erica (D:8)
  A dancing weapon (Elf:1)
  3 radroaches
  7 centaur warriors
  7 boulder beetles
  6 demonic crawlers
  3 deep troll shamans
  13 alligators
  4 death yaks (Lair:5)
  6 tengu warriors
  3 deep troll earth magi
  7 hell hogs (Depths:3)
  5 spriggan berserkers
  A vampire mage (Depths:2)
  10 orc high priests
  11 spriggans
  14 hell knights
  13 deep elf knights
  A skyshark (shapeshifter) (Vaults:5)
  A sixfirhy (Orc:2)
  5 skysharks
  Amaemon (D:9)
  4 iron trolls
  A spectral anaconda (Lair:5)
  3 goliath frogs
  A salamander mystic (D:15)
  3 spectral death yaks (Lair:5)
  9 pharaoh ants
  3 sea snakes (Zot:5)
  6 glowing orange brains
  A mana viper (shapeshifter) (Vaults:5)
  A sun moth (Spider:4)
  56 deep trolls
  An orb spider (shapeshifter) (Vaults:5)
  7 orb spiders
  9 swamp dragons
  9 arcanists
  3 spriggan druids
  A death drake (Zot:1)
  A deep troll (shapeshifter) (D:15)
  11 orc knights
  11 bog bodies
  3 flayed ghosts
  An obsidian statue (Lair:5)
  23 ironbound convokers
  4 harpies (Vaults:1)
  33 deep elf pyromancers
  10 deep elf archers
  4 phantasmal warriors
  26 deep elf zephyrmancers
  6 necromancers
  12 lindwurms
  6 will-o-the-wisps
  10 steelbarb worms
  22 wolf spiders
  A sphinx simulacrum (Depths:1)
  45 ugly things
  5 cyclopes
  7 orc sorcerers
  A manticore (D:11)
  A stone giant skeleton (Depths:1)
  A rust devil (Orc:2)
  6 meliai
  21 elephants
  30 moths of wrath
  2 kobold blastminers (Orc:2)
  3 ice statues
  A water nymph (D:15)
  Joseph (D:9)
  7 black mambas
  19 vault sentinels
  An orange demon (D:8)
  A smoke demon (Orc:2)
  6 gargoyles
  9 torpor snails
  Maggie (D:7)
  A cane toad (shapeshifter) (D:11)
  3 nameless horrors
  10 cane toads
  2 efreet
  A kobold demonologist (D:13)
  A rime drake (Lair:4)
  2 ice devils (Orc:2)
  An unseen horror (D:12)
  29 yaktaurs
  3 freezing wraiths
  19 komodo dragons
  A merfolk (shapeshifter) (Vaults:5)
  A golden dragon simulacrum (Depths:1)
  8 trolls
  9 polar bears
  A queen bee (D:11)
  12 tyrant leeches
  30 tarantellas
  2 glass eyes
  A raiju (shapeshifter) (Elf:1)
  10 hornets
  A snapping turtle (shapeshifter) (Vaults:4)
  A fire giant simulacrum (Depths:1)
  25 jumping spiders
  9 blink frogs
  10 dream sheep (Lair:4)
  27 slime creatures
  A centaur simulacrum (D:15)
  2 air elementals
  26 culicivoras
  A water elemental (Depths:1)
  4 wyverns
  2 vampires
  14 wraiths
  5 basilisks
  2 shadows (D:11)
  A steam dragon (D:10)
  6 fire elementals
  44 yaks
  3 wargs
  58 redbacks
  5 vampire mosquitoes
  A neqoxec (Orc:2)
  17 swamp worms
  A two-headed ogre zombie (D:11)
  A spectral cane toad (Lair:5)
  An acid dragon (D:11)
  10 water moccasins
  A hell hound (D:15)
  28 orc warriors
  4 ice beasts
  7 swamp drakes (Swamp:4)
  A sky beast (D:6)
  4 wolves
  2 black bears
  11 ogres
  An elephant zombie (Lair:5)
  4 boggarts (Vaults:4)
  16 centaurs
  A phantom (D:5)
  A kobold brigand (D:8)
  4 bullfrogs
  A gnoll sergeant (D:6)
  2 scorpions
  8 wights
  An elephant simulacrum (IceCv)
  25 killer bees (D:11)
  5 howler monkeys
  3 bombardier beetles
  34 orc priests
  5 hounds
  A gnoll bouda (D:5)
  4 jellies
  2 iguanas
  3 sleepcaps
  25 orc wizards
  5 hell rats (Lair:3)
  A polar bear simulacrum (IceCv)
  7 ogre zombies (D:11)
  5 gnolls
  9 adders
  3 river rats (Lair:3)
  A shadow imp (D:7)
  5 white imps
  2 dart slugs
  A ribbon worm (D:4)
  73 orcs
  5 ball pythons
  3 bats (D:2)
  7 endoplasms
  5 gnoll zombies (D:11)
  2 hobgoblins
  5 jackals (D:2)
  10 kobolds
  A quokka (D:2)
  3 frilled lizards
  3 gnoll skeletons (D:11)
  9 goblins
  5 orc skeletons (D:11)
  11 orc zombies (D:11)
  13 rats
  3 aspiring fleshes
  A butterfly (Lair:5)
1984 creatures vanquished.

Vanquished Creatures (collateral kills)
  Frederick (Vaults:5)
  2 ancient liches
  6 orbs of fire
  A juggernaut (Depths:4)
  Parghit (Depths:3)
  the Lernaean hydra (Swamp:4)
  2 Killer Klowns (Zot:5)
  A curse toe (Zot:4)
  5 golden dragons
  2 Tzitzimimeh
  An electric golem (Zot:5)
  9 tentacled monstrosities
  The ghost of bmj180 the Thaumaturge, an adept HuCj of Sif Muna (Elf:1)
  A deep elf blademaster (Elf:3)
  A lich (Depths:3)
  A quicksilver dragon (Zot:1)
  A shadow dragon (Zot:1)
  A storm dragon (Vaults:5)
  A deep elf sorcerer (Elf:1)
  A protean progenitor (Zot:1)
  A ghost moth (Zot:5)
  A draconian stormcaller (Zot:2)
  A deep elf annihilator (Elf:3)
  A crystal guardian (Vaults:3)
  A hydra (Lair:2)
  14 dancing weapons
  A deep elf archer (Elf:2)
  A deep elf zephyrmancer (Elf:2)
  An obsidian statue (Elf:1)
  A deep elf pyromancer (Elf:2)
  An ugly thing (D:14)
  2 moths of wrath
  Prince Ribbit (D:5)
  2 fire elementals (Elf:1)
  3 water moccasins
  An ice beast (D:5)
  3 ogres
  An orc warrior (D:6)
  A centaur (D:6)
  A phantom (D:5)
  A kobold brigand (D:6)
  2 bullfrogs (D:7)
  2 earth elementals
  A wight (D:6)
  2 howler monkeys (D:7)
  Jessica (D:3)
  Ijyb (D:3)
  3 gnolls
  An adder (D:2)
  3 orcs
  An endoplasm (D:3)
  5 kobolds
  A rat (Lair:3)
103 creatures vanquished.

Vanquished Creatures (others)
  A centaur (D:7)
  A scorpion (D:7)
  A gnoll zombie (D:11)
  10 foxfires
13 creatures vanquished.

Grand Total: 2100 creatures vanquished

Notes
Turn   | Place    | Note
-------+----------+-------------------------------------------
     0 | D:1      | PaperRat the Djinni Hedge Wizard began the quest for the
                  | Orb.
     0 | D:1      | PaperRat set off with the following spells memorised: Magic
                  | Dart, Slow, Blink, Call Imp, Mephitic Cloud.
     0 | D:1      | Reached XP level 1. HP: 15/15 MP: 0/0
   172 | D:1      | Reached XP level 2. HP: 19/21 MP: 0/0
   718 | D:1      | Reached skill level 1 in Fighting
   950 | D:2      | Reached XP level 3. HP: 27/27 MP: 0/0
   950 | D:2      | Learned a level 1 spell: Summon Small Mammal
  1181 | D:2      | Reached XP level 4. HP: 20/33 MP: 0/0
  1237 | D:2      | Found a faded altar of an unknown god.
  2041 | D:3      | Noticed Jessica
  2071 | D:3      | Killed Jessica
  2072 | D:3      | Reached XP level 5. HP: 39/39 MP: 0/0
  2072 | D:3      | Learned a level 2 spell: Jinxbite
  2195 | D:3      | Noticed Ijyb
  3282 | D:4      | Reached XP level 6. HP: 25/46 MP: 0/0
  3539 | D:4      | Found a snail-covered altar of Cheibriados.
  3649 | D:4      | Noticed an ogre
  3654 | D:4      | Killed an ogre
  3655 | D:4      | Reached skill level 5 in Spellcasting
  3655 | D:4      | Reached skill level 5 in Conjurations
  3655 | D:4      | Reached skill level 5 in Hexes
  3655 | D:4      | Reached skill level 5 in Summonings
  3655 | D:4      | Reached skill level 5 in Necromancy
  3655 | D:4      | Reached skill level 5 in Translocations
  3655 | D:4      | Reached skill level 5 in Fire Magic
  3655 | D:4      | Reached skill level 5 in Ice Magic
  3655 | D:4      | Reached skill level 5 in Air Magic
  3655 | D:4      | Reached skill level 5 in Earth Magic
  3655 | D:4      | Reached skill level 5 in Alchemy
  3655 | D:4      | Reached XP level 7. HP: 48/50 MP: 0/0
  3655 | D:4      | Learned a level 2 spell: Mercury Vapours
  3823 | D:4      | Reached skill level 1 in Short Blades
  4322 | D:4      | Found a staircase to the Ecumenical Temple.
  4328 | Temple   | Entered the Ecumenical Temple
  4365 | Temple   | Became a worshipper of Makhleb the Destroyer
  4715 | D:5      | Entered Level 5 of the Dungeon
  4715 | D:5      | Found Yrufih's Assorted Antiques.
  4718 | D:5      | Bought a scroll labelled ESUDUT ETUB for 23 gold pieces
  4718 | D:5      | Bought a tubular gilded ring for 115 gold pieces
  4718 | D:5      | Bought a fizzy cyan potion for 20 gold pieces
  4718 | D:5      | Bought a scroll labelled YFIRUEFINU for 23 gold pieces
  4952 | D:5      | Found a glowing golden altar of the Shining One.
  5068 | D:5      | Found a blossoming altar of Fedhas.
  5078 | D:5      | Noticed Prince Ribbit
  5091 | D:5      | Killed Prince Ribbit
  5092 | D:5      | Reached XP level 8. HP: 51/58 MP: 0/0
  5263 | D:5      | Reached skill level 5 in Fighting
  5607 | D:5      | Reached XP level 9. HP: 60/66 MP: 0/0
  5607 | D:5      | Learned a level 4 spell: Cause Fear
  6059 | D:3      | Killed Ijyb
  6475 | D:5      | Reached skill level 1 in Evocations
  6601 | D:6      | Reached * piety under Makhleb
  7406 | D:6      | Reached XP level 10. HP: 74/76 MP: 0/0
  8507 | D:7      | Reached ** piety under Makhleb
  8584 | D:7      | Found a hazy altar of Hepliaklqana.
  8670 | D:7      | Reached skill level 1 in Polearms
  8670 | D:7      | Reached skill level 5 in Dodging
  8895 | D:7      | Found a shimmering altar of Xom.
  8928 | D:7      | Found a sparkling altar of Nemelex Xobeh.
  9033 | D:7      | Noticed a gargoyle
  9374 | D:7      | Noticed a gargoyle
  9376 | D:7      | Noticed a gargoyle
  9381 | D:7      | Killed a gargoyle
  9387 | D:7      | Killed a gargoyle
  9397 | D:7      | Noticed a gargoyle
  9403 | D:7      | Reached XP level 11. HP: 82/82 MP: 0/0
  9403 | D:7      | Learned a level 5 spell: Arcjolt
  9501 | D:7      | Found Nid Ywke's Antique Armour Shop.
  9542 | D:7      | Noticed Maggie
  9557 | D:7      | Killed Maggie
  9558 | D:7      | Reached skill level 5 in Evocations
  9573 | D:7      | Bought a runed leather armour for 95 gold pieces
  9953 | D:8      | Found a hide-covered altar of Uskayaw.
 10005 | D:8      | Reached *** piety under Makhleb
 10100 | D:8      | Reached skill level 1 in Invocations
 10119 | D:8      | Noticed Erica
 10188 | D:8      | Killed Erica
 10323 | D:8      | Found a white marble altar of Elyvilon.
 10590 | D:9      | Noticed Amaemon
 10597 | D:8      | Reached skill level 2 in Invocations
 10658 | D:9      | Reached skill level 3 in Invocations
 10658 | D:9      | Killed Amaemon
 10715 | D:9      | Noticed Joseph
 10743 | D:9      | Killed Joseph
 10744 | D:9      | Reached skill level 10 in Fighting
 10744 | D:9      | Reached skill level 4 in Invocations
 10905 | D:9      | Noticed a two-headed ogre
 10913 | D:9      | Noticed a two-headed ogre
 10922 | D:9      | Killed a two-headed ogre
 10923 | D:9      | Reached skill level 5 in Invocations
 10923 | D:9      | Reached XP level 12. HP: 91/91 MP: 0/0
 10936 | D:9      | Killed a two-headed ogre
 11139 | D:9      | Found a staircase to the Lair.
 11322 | Lair:1   | Entered Level 1 of the Lair of Beasts
 11756 | Lair:1   | Reached skill level 6 in Invocations
 12388 | Lair:2   | Found a hole to the Spider Nest.
 12388 | Lair:2   | Noticed an orb spider
 12399 | Lair:2   | Killed an orb spider
 12400 | Lair:2   | Reached skill level 7 in Invocations
 12462 | Lair:2   | Noticed a six-headed hydra
 12473 | Lair:2   | Killed a six-headed hydra
 12656 | Lair:2   | Noticed a five-headed hydra
 12664 | Lair:2   | Killed a five-headed hydra
 12719 | Lair:2   | Reached skill level 8 in Invocations
 12801 | Lair:2   | Noticed a skyshark
 12814 | Lair:2   | Killed a skyshark
 12839 | Lair:2   | Reached skill level 10 in Spellcasting
 12839 | Lair:2   | Reached skill level 10 in Conjurations
 12839 | Lair:2   | Reached skill level 10 in Hexes
 12839 | Lair:2   | Reached skill level 10 in Summonings
 12839 | Lair:2   | Reached skill level 10 in Necromancy
 12839 | Lair:2   | Reached skill level 10 in Translocations
 12839 | Lair:2   | Reached skill level 10 in Fire Magic
 12839 | Lair:2   | Reached skill level 10 in Ice Magic
 12839 | Lair:2   | Reached skill level 10 in Air Magic
 12839 | Lair:2   | Reached skill level 10 in Earth Magic
 12839 | Lair:2   | Reached skill level 10 in Alchemy
 13486 | Lair:3   | Reached skill level 1 in Armour
 13715 | Lair:3   | Reached **** piety under Makhleb
 13855 | Lair:3   | Reached XP level 13. HP: 85/96 MP: 0/0
 13855 | Lair:3   | Learned a level 5 spell: Silence
 13949 | Lair:3   | Identified the +2 sling of a Billion Mystics {heavy,
                  | *Corrode rF+++ Int+4}
 14618 | Lair:3   | Found a staircase to the Swamp.
 15029 | Lair:4   | Found a staircase to the Slime Pits.
 15226 | Lair:4   | Reached ***** piety under Makhleb
 15597 | Lair:4   | Reached skill level 5 in Armour
 16083 | Lair:5   | Entered Level 5 of the Lair of Beasts
 16117 | Lair:5   | Reached XP level 14. HP: 78/105 MP: 0/0
 16267 | Lair:5   | Reached skill level 5 in Short Blades
 17635 | Lair:5   | Noticed a dire elephant
 17672 | Lair:5   | Noticed a dire elephant
 17685 | Lair:5   | Found the +4 consecrated labrys {holy, Valiant ^Fragile Fly
                  | SInv}
 18821 | Lair:5   | Identified the +3 sling "Cijemoq" {heavy, rPois rN+ Int-4
                  | Dex+3}
 18971 | Lair:5   | Reached skill level 10 in Evocations
 19146 | Lair:5   | Killed a dire elephant
 19241 | Lair:5   | Killed a dire elephant
 19312 | Lair:5   | Reached XP level 15. HP: 110/113 MP: 0/0
 19312 | Lair:5   | Learned a level 6 spell: Plasma Beam
 19364 | Lair:5   | Identified the ring "Voinal Abbe" {rN+ Will+}
 19543 | D:10     | Entered Level 10 of the Dungeon
 19606 | D:10     | Found an ornate altar of the Wu Jian Council.
 19793 | D:10     | Found a broken altar of Ashenzari.
 20409 | D:7      | Bought the -2 hat of the Alchemist {rElec rPois rF+ rC+ rN+
                  | Will+ rMut rCorr} for 896 gold pieces
 20409 | D:7      | Found the -2 hat of the Alchemist {rElec rPois rF+ rC+ rN+
                  | Will+ rMut rCorr}
 21433 | D:11     | Reached ****** piety under Makhleb
 21690 | D:11     | Found a staircase to the Orcish Mines.
 22326 | Orc:1    | Entered Level 1 of the Orcish Mines
 22526 | Orc:2    | Entered Level 2 of the Orcish Mines
 22533 | Orc:2    | Reached skill level 1 in Shields
 22656 | Orc:2    | Noticed Josephine
 22660 | Orc:1    | Killed Josephine
 22986 | Orc:2    | Found a staircase to the Elven Halls.
 24070 | Orc:2    | Found Socamy's General Store.
 24112 | Orc:2    | Found Ippaes's General Store.
 24488 | Orc:2    | Reached skill level 5 in Shields
 24522 | Orc:2    | Reached XP level 16. HP: 71/123 MP: 0/0
 24808 | Orc:2    | Found Xalipl Sale's Book Boutique.
 24808 | Orc:2    | Found Mobreti's Antique Armour Shop.
 24808 | Orc:2    | Found a one-way gate leading to the halls of Pandemonium.
 24851 | Orc:2    | Bought a scroll of acquirement for 728 gold pieces
 24851 | Orc:2    | Acquired the scarf "Ycziemp" {+Inv, Regen+}
 25300 | D:12     | Found a frozen archway.
 25341 | IceCv    | Entered an ice cave
 25362 | IceCv    | Found a transporter.
 25368 | IceCv    | Found the +7 staff of the Meek {protect, meekguard}
 25370 | IceCv    | Found a transporter.
 26329 | D:13     | You are sucked into a shaft and drop 2 floors!
 26329 | D:15     | Entered Level 15 of the Dungeon
 26444 | D:15     | Found Tepry's Jewellery Shoppe.
 26492 | D:15     | Found a burning altar of Makhleb.
 26523 | D:15     | Noticed an emperor scorpion
 26534 | D:15     | Killed an emperor scorpion
 26703 | D:15     | Found a staircase to the Depths.
 26858 | D:15     | Noticed Roxanne
 26928 | D:15     | Noticed Azrael
 26934 | D:15     | Killed Azrael
 27505 | D:14     | Found a gate to the Vaults.
 27722 | D:14     | Reached XP level 17. HP: 129/129 MP: 0/0
 27722 | D:14     | Learned a level 6 spell: Death Channel
 27868 | D:14     | Reached skill level 10 in Dodging
 28948 | D:13     | Identified the ring of Makhleb's Benevolence {rElec rF+
                  | rN+++ Int-2 Stlth+}
 29182 | Spider:1 | Entered Level 1 of the Spider Nest
 29473 | Spider:1 | Identified the +5 scale mail "Uciheoca" {Int+4}
 29930 | Spider:2 | Noticed Arachne
 29943 | Spider:2 | Killed Arachne
 30678 | Spider:3 | Reached skill level 15 in Fighting
 30893 | Spider:3 | Reached XP level 18. HP: 135/138 MP: 0/0
 31002 | Spider:3 | Found a large runed translucent door.
 31002 | Spider:3 | Found a large runed translucent door.
 31003 | Spider:3 | Noticed MrCrawl's ghost (adept DrFE)
 31403 | Spider:3 | Killed MrCrawl's ghost
 31479 | Spider:4 | Entered Level 4 of the Spider Nest
 31759 | Spider:4 | Reached skill level 10 in Armour
 32931 | Spider:4 | Got a gossamer rune of Zot
 33108 | Swamp:1  | Entered Level 1 of the Swamp
 33214 | Swamp:1  | Reached XP level 19. HP: 145/145 MP: 0/0
 33214 | Swamp:1  | Learned a level 7 spell: Haunt
 34965 | Swamp:4  | Entered Level 4 of the Swamp
 34966 | Swamp:4  | Noticed a tentacled monstrosity
 34975 | Swamp:4  | Killed a tentacled monstrosity
 35185 | Swamp:4  | Noticed Nikola
 35192 | Swamp:4  | Killed Nikola
 35546 | Swamp:4  | Reached skill level 15 in Spellcasting
 35546 | Swamp:4  | Reached skill level 15 in Conjurations
 35546 | Swamp:4  | Reached skill level 15 in Hexes
 35546 | Swamp:4  | Reached skill level 15 in Summonings
 35546 | Swamp:4  | Reached skill level 15 in Necromancy
 35546 | Swamp:4  | Reached skill level 15 in Translocations
 35546 | Swamp:4  | Reached skill level 15 in Fire Magic
 35546 | Swamp:4  | Reached skill level 15 in Ice Magic
 35546 | Swamp:4  | Reached skill level 15 in Air Magic
 35546 | Swamp:4  | Reached skill level 15 in Earth Magic
 35546 | Swamp:4  | Reached skill level 15 in Alchemy
 35812 | Swamp:4  | Noticed the 27-headed Lernaean hydra
 35912 | Swamp:4  | Killed the 27-headed Lernaean hydra
 35913 | Swamp:4  | Reached XP level 20. HP: 141/154 MP: 0/0
 35924 | Swamp:4  | Got a decaying rune of Zot
 35926 | Swamp:4  | Identified the +1 scale mail of Demonic Liberty {*Slow rN+
                  | Str+6}
 36266 | Elf:1    | Entered Level 1 of the Elven Halls
 36428 | Elf:1    | Found Apugeraj's Antique Weapon Boutique.
 36441 | Elf:1    | Found a runed translucent gate.
 36442 | Elf:1    | Found a runed translucent gate.
 36443 | Elf:1    | Found a runed translucent gate.
 36445 | Elf:1    | Found an opulent altar of Gozag.
 36446 | Elf:1    | Noticed bmj180's ghost (adept HuCj)
 37336 | Elf:2    | Noticed a Hell Sentinel
 37624 | Elf:2    | Found a runed translucent gate.
 37624 | Elf:2    | Found a runed translucent gate.
 37624 | Elf:2    | Found a runed translucent gate.
 37637 | Elf:2    | Noticed Jorgrun
 37661 | Elf:2    | Killed Jorgrun
 38164 | Elf:3    | Entered Level 3 of the Elven Halls
 38699 | Elf:3    | Noticed Bai Suzhen
 38708 | Elf:3    | Killed Bai Suzhen
 39066 | Elf:3    | Reached XP level 21. HP: 162/162 MP: 0/0
 39066 | Elf:3    | Learned a level 8 spell: Borgnjor's Revivification
 39220 | Elf:3    | Paralysed by an air elemental for 1 turns
 39229 | Elf:3    | Identified the ring of the Kitsune {Will+++ Str+2 Int+2
                  | Dex-5 Slay+4}
 39233 | Elf:3    | Identified the +3 hand axe of Mourning {pain, rCorr}
 39425 | Elf:3    | Identified the +5 dagger "Kuris" {freeze, rCorr Str+3 Int+2
                  | Stlth-}
 39429 | Elf:3    | Reached skill level 10 in Shields
 39438 | Elf:3    | Identified the +5 quarterstaff "Qopnuan" {freeze, rN+ Str+4
                  | Dex+3}
 39441 | Elf:3    | Identified the +10 halberd "Zopn" {vamp, rC+ Str+2 Dex-2}
 39451 | Elf:3    | Identified the +5 rapier of Zaamnote {drain, rF+ rCorr}
 39550 | Elf:3    | Identified the +10 broad axe of the Slime-mould {drain,
                  | rPois rF+ rN+ Str-3}
 39557 | Elf:3    | Identified the staff "Hydraslayer" {rPois Ice Alchemy}
 39861 | Orc:2    | Bought a +1 cloak of preservation for 280 gold pieces
 40066 | Elf:1    | Killed bmj180's ghost
 40348 | Vaults:1 | Entered Level 1 of the Vaults
 40716 | Vaults:1 | Noticed Zenata
 40728 | Vaults:1 | Killed Zenata
 40771 | Vaults:1 | Identified the serpent talisman of Theory {rElec MP+9
                  | Str+6}
 40771 | Vaults:1 | Noticed Aizul
 40781 | Vaults:1 | Killed Aizul
 40986 | Vaults:1 | Reached XP level 22. HP: 169/169 MP: 0/0
 41270 | Vaults:1 | Reached skill level 15 in Dodging
 42077 | Orc:2    | Bought a wand of iceblast (2) for 67 gold pieces
 42077 | Orc:2    | Bought a scroll of enchant armour for 105 gold pieces
 42690 | Vaults:2 | Noticed Norris
 42695 | Vaults:2 | Killed Norris
 43317 | Vaults:2 | Found a runed translucent door.
 43319 | Vaults:2 | Noticed nago's ghost (adept OnGl)
 43337 | Vaults:2 | Killed nago's ghost
 43374 | Vaults:2 | Found a staircase to the Crypt.
 43560 | Vaults:2 | Found Kegaw's Weapon Emporium.
 43873 | Vaults:3 | Reached XP level 23. HP: 147/175 MP: 0/0
 43873 | Vaults:3 | Learned a level 7 spell: Ozocubu's Refrigeration
 45032 | Vaults:4 | Reached skill level 9 in Invocations
 46130 | Depths:1 | Entered Level 1 of the Depths
 46217 | Depths:1 | Reached skill level 15 in Evocations
 46251 | Depths:1 | Reached XP level 24. HP: 181/181 MP: 0/0
 46375 | Depths:1 | Found a gateway to Hell.
 46457 | Depths:1 | Found a one-way gate to the infinite horrors of the Abyss.
 46822 | Depths:2 | Reached skill level 10 in Invocations
 47232 | Depths:2 | Found a stormy altar of Qazlal.
 47734 | Depths:3 | Noticed Parghit
 47757 | Depths:3 | Killed Parghit
 48444 | Depths:3 | Reached skill level 11 in Invocations
 48447 | Depths:3 | Reached skill level 15 in Shields
 48478 | Depths:3 | Noticed a caustic shrike
 48525 | Depths:3 | Killed a caustic shrike
 48536 | Depths:3 | Identified the +3 mace "Weuppedo" {venom, rF+}
 48541 | Depths:3 | Identified the +4 glaive of the Kissing Viper {drain, rPois
                  | Int-5 SInv}
 48785 | Depths:4 | Entered Level 4 of the Depths
 48785 | Depths:4 | Noticed a caustic shrike
 48785 | Depths:4 | Noticed a caustic shrike
 48785 | Depths:4 | Noticed a caustic shrike
 48797 | Depths:4 | Killed a caustic shrike
 48798 | Depths:4 | Reached XP level 25. HP: 187/187 MP: 0/0
 48798 | Depths:4 | Learned a level 8 spell: Infestation
 48800 | Depths:4 | Killed a caustic shrike
 48802 | Depths:4 | Killed a caustic shrike
 48809 | Depths:4 | Noticed a juggernaut
 48868 | Depths:4 | Killed a juggernaut
 48879 | Depths:3 | Reached skill level 5 in Stealth
 49036 | Depths:4 | Found a gate to the Realm of Zot.
 49071 | Depths:4 | Found a one-way gateway to a ziggurat.
 49092 | Depths:4 | Found a blossoming altar of Fedhas.
 49498 | Depths:4 | Acquired the ring of the Wereyak {+Blink rPois rN+ Int+3
                  | Dex-5 Slay+4}
 49774 | Vaults:5 | Entered Level 5 of the Vaults
 49788 | Vaults:5 | Identified the +1 helmet of the Dungeon {Fly}
 49940 | Vaults:5 | Noticed an ancient lich
 49950 | Vaults:5 | Killed an ancient lich
 49951 | Vaults:5 | Reached skill level 12 in Invocations
 50065 | Vaults:5 | Got a silver rune of Zot
 50293 | Vaults:5 | Identified the +5 morningstar of Gozag's Whim {speed,
                  | Str+3}
 50452 | Vaults:5 | Noticed Mara
 50482 | Vaults:5 | Identified the ring "Xaojitzeoh" {rPois Will- Str+4}
 50490 | Vaults:5 | Noticed PaperRat's illusion
 50511 | Vaults:5 | Reached XP level 26. HP: 147/195 MP: 0/0
 50614 | Vaults:5 | Noticed PaperRat's illusion
 50630 | Vaults:5 | Killed Mara
 50707 | Vaults:5 | Identified the ring of Broken Luck {rF+ rN+ Will- AC+4
                  | Int+2}
 50737 | Vaults:5 | Reached skill level 13 in Invocations
 50953 | Vaults:5 | Identified the orb "Paix" {*channel, MP+9 Int+3}
 50953 | Vaults:5 | Noticed Frederick
 50969 | Vaults:5 | Killed Frederick
 50994 | Vaults:5 | Identified the +3 shortbow "Yjoi" {flame, rC+ Will- rCorr
                  | Stlth+}
 51000 | Vaults:5 | Identified the +0 scale mail "Depafo" {+Inv rElec Will+}
 51033 | Vaults:5 | Identified the ring "Oclaf" {rPois MP-9 Str+6 SInv}
 51776 | Zot:1    | Entered Level 1 of the Realm of Zot
 52524 | Zot:1    | Identified the staff "Puwnapno" {rF+ SInv Necro Earth}
 53092 | Zot:2    | Identified the +5 leather armour of Snakes and Ladders
                  | {-Cast Dex+5}
 53243 | Zot:2    | Reached XP level 27. HP: 156/202 MP: 0/0
 53243 | Zot:2    | Learned a level 9 spell: Shatter
 53246 | Zot:2    | Reached skill level 14 in Invocations
 53951 | Zot:3    | Noticed an orb of fire
 54104 | Zot:3    | Noticed a Killer Klown
 54121 | Zot:3    | Killed a Killer Klown
 54779 | Zot:3    | Gained mutation: You sometimes lose your temper in combat.
                  | [an orb of fire]
 54782 | Zot:3    | Killed an orb of fire
 54783 | Zot:3    | Reached skill level 15 in Invocations
 55720 | Zot:4    | Identified the +4 ring mail of the Snail {rElec rC++ Will-
                  | Int+3}
 55752 | Zot:4    | Reached skill level 16 in Invocations
 56441 | Zot:5    | Entered Level 5 of the Realm of Zot
 56662 | Zot:5    | Reached skill level 17 in Invocations
 57301 | Zot:5    | Noticed a Killer Klown
 57320 | Zot:5    | Killed a Killer Klown
 57332 | Zot:5    | Noticed a Killer Klown
 57344 | Zot:5    | Killed a Killer Klown
 57396 | Zot:5    | Noticed an ancient lich
 57402 | Zot:5    | Killed an ancient lich
 57403 | Zot:5    | Reached skill level 18 in Invocations
 57420 | Zot:5    | Noticed an orb of fire
 57511 | Zot:5    | Noticed an orb of fire
 57534 | Zot:5    | Noticed a Killer Klown
 57544 | Zot:5    | Killed an orb of fire
 57553 | Zot:5    | Killed a Killer Klown
 57629 | Zot:5    | Killed an orb of fire
 58351 | Zot:5    | Noticed an orb of fire
 58371 | Zot:5    | Noticed an orb of fire
 58377 | Zot:5    | Killed an orb of fire
 58386 | Zot:5    | Killed an orb of fire
 58387 | Zot:5    | Reached skill level 19 in Invocations
 58426 | Zot:5    | Noticed an orb of fire
 58580 | Zot:5    | Killed an orb of fire
 59151 | Zot:5    | Noticed a Killer Klown
 59160 | Zot:5    | Killed a Killer Klown
 59192 | Zot:5    | Noticed an ancient lich
 59198 | Zot:5    | Noticed an orb of fire
 59199 | Zot:5    | Noticed a Killer Klown
 59636 | Zot:5    | Killed a Killer Klown
 59637 | Zot:5    | Reached skill level 20 in Invocations
 59729 | Zot:5    | Killed an orb of fire
 59844 | Zot:5    | Killed an ancient lich
 60271 | Zot:5    | Noticed a Killer Klown
 60274 | Zot:5    | Killed a Killer Klown
 60513 | Zot:5    | Lost mutation: You sometimes lose your temper in combat.
                  | [potion of mutation]
 60513 | Zot:5    | Gained mutation: Your mind is acute. (Int +4, Str/Dex -1)
                  | [potion of mutation]
 60513 | Zot:5    | Gained mutation: You expend health (3 HP) to strengthen
                  | your wands. [potion of mutation]
 60513 | Zot:5    | Gained mutation: You have a pair of small antennae on your
                  | head. [potion of mutation]
 60520 | Zot:5    | Got the Orb of Zot
 60998 | D:$      | Escaped with the Orb!

Illustrated notes

Levels and vault maps discovered:
D:1:      lightli_arrival_quake, layout_rooms, chequers_big_river,
          chequers_serial_rivers_room_a, chequers_mini_garden
D:2:      layout_loops_ring, hellmonk_ecumenical_altar_lost_god,
          minmay_fractal_squares_5
D:3:      layout_loops_corners, mainiacjoe_overflow_boulevard,
          kennysheep_decorative_pillar, chequers_arboretum, uniq_ijyb,
          uniq_jessica
D:4:      layout_basic, mainiacjoe_overflow_concentric_impassable,
          nicolae_overflow_crystal_walls, temple_statues, portal_sewer_entry_d,
          kennysheep_generic_room_13
D:5:      minmay_diamond_boxcup, layout_basic, lemuel_tele_altar,
          mainiacjoe_overflow_small_starburst, corexii_corridor_pit,
          nicolae_stop_n_shop_2, kennysheep_generic_room_8, uniq_prince_ribbit1
D:6:      layout_cave_pools, minmay_pentangle
D:7:      cheibrodos_statue_roulette, layout_rooms, xom_confusion_cloud,
          amcnicky_altar_gilded, mainiacjoe_overflow_six_doors_small,
          minmay_shop_grid_forest, grunt_ministairs_3, uniq_maggie
D:8:      layout_loops_ring, elyvilon_altar_4, mainiacjoe_overflow_alcove_2,
          minmay_hedge_maze, hangedman_abyss_or_decor_stagger,
          minmay_misc_feat_ornament, uniq_erica
D:9:      layout_rooms, lair_entry_dummy, chequers_serial_rivers_large_b,
          uniq_joseph, uniq_amaemon
D:10:     layout_irregular_city, nicolae_ashenzari_panopticon,
          mainiacjoe_overflow_tiny_flanked, serial_column_ruins,
          column_ruins_grid_5, column_ruins_hut_pillars, column_ruins_grid_3,
          column_ruins_corridor_straight, column_ruins_columns_straight,
          column_ruins_corridor_corner, column_ruins_open_medium_water,
          kennysheep_generic_room_7
D:11:     regret_index_tunnel_blossom, layout_long_grid, zombieorc2_lemuel
D:12:     layout_loops_ring, portal_ice_cave_entry_animals_and_master
D:13:     lemuel_ice_statue, layout_basic, kennysheep_cluttered_room,
          grunt_ministairs_13
D:14:     layout_basic, erik_vaults_2, palyth_stone_intersect
D:15:     hangedman_depths_entry_try_elsewhere_first, layout_loops_cross,
          serial_shops, nicolae_shop_gaudy_bauble, minmay_misc_feat_enclosed,
          bloody_makhleb, uniq_azrael, uniq_roxanne
Temple:   hellmonk_temple_beads
Lair:1:   layout_loops_ring
Lair:2:   layout_cave_pods, nicolae_spider_entry_orb_guardian, serial_forest,
          infiniplex_forest_clump_diagonal, infiniplex_forest_clump_small,
          infiniplex_forest_straight_4, infiniplex_forest_clump_medium,
          infiniplex_forest_clump_small, infiniplex_forest_join,
          infiniplex_forest_zigzag_1, infiniplex_forest_corner_1,
          infiniplex_forest_clump_long, infiniplex_forest_clump_cross
Lair:3:   layout_long_grid, minmay_swamp_entry_worms, serial_bayou_ford_a,
          kennysheep_abandoned_house, lemuel_fruit_tree
Lair:4:   layout_loops_ring, dpeg_slime_entry_enclosed, grunt_megastairs_3
Lair:5:   due_jungle_book, layout_cave_pods, grunt_megastairs_2,
          lemuel_fruit_fields
Swamp:1:  layout_basic_swamp, nicolae_swamp_very_dense_foliage
Swamp:2:  layout_basic_swamp, evilmike_swamp_ruin_rubble_1,
          nicolae_swamp_decorative_isthmus
Swamp:3:  layout_basic_swamp, evilmike_swamp_ruin_house_6, swamp_pool_4,
          nicolae_swamp_no_escape
Swamp:4:  grunt_swamp_rune_castle, layout_basic_swamp,
          infiniplex_staircase_pool, uniq_nikola
Spider:1: layout_spider_delve
Spider:2: layout_spider_delve, drop_trap, uniq_arachne
Spider:3: layout_spider_delve, ebering_ghost_disaster_area,
          nicolae_spider_stair_cavern
Spider:4: grunt_spider_rune_circles, nicolae_spider_eight_legs
Orc:1:    nicolae_orc_accident_3, layout_caves
Orc:2:    pf_orc_diabolical, layout_diamond_mine, nicolae_orc_rich_vein,
          uniq_josephine
Elf:1:    minmay_elf_arrival_summoners, layout_gridlike, ebering_ghost_gozag,
          serial_shops, shop, kennysheep_underground_church
Elf:2:    nicolae_elf_blades_splatter_lattice [nicolae_blade_entry_antechamber],
          layout_geoelf_octagon, uniq_jorgrun
Elf:3:    minmay_elf_hall_x, layout_gridlike, hangedman_decor_cross_pass,
          uniq_bai_suzhen
Vaults:1: hangedman_vaults_corner, v_misc_30, nicolae_vaults_meeting,
          hangedman_vaults_nails, nicolae_vaults_prndl, vaults_standard_mumra_x,
          grunt_vaults_twisty, nicolae_vaults_diamond_1,
          grunt_vaults_hallway_short, vaults_standard_mumra_lines,
          nicolae_vaults_little_squares_4, nicolae_vaults_diamond_1,
          nicolae_vaults_tetromino_Z_2, vaults_dpeg_emergency_exit,
          ontoclasm_vaults_pinch, vaults_dpeg_ring, layout_vaults_chaotic_city,
          uniq_zenata, uniq_aizul
Vaults:2: ebering_ghost_reflecting_pool, hangedman_vaults_hat,
          nicolae_vaults_rhombus_6, minmay_crypt_entry_simple_box,
          nicolae_vaults_diamond_2, vaults_room_semicircle,
          nicolae_vaults_asterisk, ontoclasm_vaults_gateway,
          grunt_vaults_hallway_short, nicolae_vaults_taking_the_gang_shopping,
          nicolae_vaults_mini_display_case, nicolae_vaults_security_offices_2,
          layout_vaults_omnigrid, uniq_norris
Vaults:3: nicolae_vaults_offset_grid_hallway_1, nicolae_vaults_hexular_roomagon,
          vaults_room_corners, vaults_room_ringed_pool,
          nicolae_vaults_octothorpe, nicolae_vaults_layer_cake_slice,
          nicolae_vaults_more_shelving_1, nicolae_vaults_network_square,
          nicolae_vaults_network_star, nicolae_vaults_trapezoid_1, v_pattern_3,
          v_misc_29, nicolae_vaults_rhombus_5, layout_vaults_maze_bifur
Vaults:4: nicolae_vaults_angled_halls, v_misc_28, lightli_church_of_beogh,
          nicolae_vaults_ring_of_whatevers, nicolae_vaults_sealed_display,
          grunt_vaults_diagonal, vaults_dpeg_diagonal, ontoclasm_vaults_tryst,
          v_rooms_2, vaults_dpeg_hooks, vaults_standard_mumra_enter_the_diamond,
          hangedman_vaults_trim, layout_vaults_big_cross
Vaults:5: serial_shops, uniq_margery, uniq_frederick, uniq_mara
Depths:1: layout_cave_pools, hell_entry, abyss_entry_glasseish,
          hellmonk_sif_muna_bookshelves, minmay_librarian, serial_bayou_shore_b
Depths:2: minmay_curly_fans, layout_cave_shapes, pan_entry,
          nicolae_hexahallways, pf_vacation_house_of_asmodeus,
          nicolae_qazlal_style_of_elements, infiniplex_staircase_river,
          serial_bayou_shore_b
Depths:3: evilmike_marble_ring, layout_gridlike, grunt_hell_horde, abyss_entry,
          minmay_staircase_windowed_small, uniq_parghit
Depths:4: evilmike_zot_entry_basic, layout_cave_shapes, enter_ziggurat_f,
          fedhas_altar_1, hell_entry
Zot:1:    layout_concentric_octagons, st_single_dragon_hoard_1,
          lemuel_baited_zot_trap, st_single_dragon_hoard_2,
          regret_index_zotdec_banners
Zot:2:    layout_gridville
Zot:3:    layout_gridlike, regret_index_zotdec_carving_tricks
Zot:4:    layout_gridville
Zot:5:    layout_basic

Skill      XL: |  1  2  3  4  5  6  7  8  9 10 11 12 13 14 15 16 17 18 19 20 21 22 23 24 25 26 27 |
---------------+----------------------------------------------------------------------------------+-----
Stealth        | 2 3 4 6 7 |  7.1
Fighting       | 1 2 3 4 5 7 8 10 11 12 14 15 16 17 18 19 | 19.3
Spellcasting   | 4 5 6 7 8 10 11 12 13 14 15 16 17 18 19 | 19.0
Conjurations   | 4 5 6 7 8 10 11 12 13 14 15 16 17 18 19 | 19.0
Hexes          | 4 5 6 7 8 10 11 12 13 14 15 16 17 18 19 | 19.0
Summonings     | 4 5 6 7 8 10 11 12 13 14 15 16 17 18 19 | 19.0
Necromancy     | 4 5 6 7 8 10 11 12 13 14 15 16 17 18 19 | 19.0
Translocations | 4 5 6 7 8 10 11 12 13 14 15 16 17 18 19 | 19.0
Fire Magic     | 4 5 6 7 8 10 11 12 13 14 15 16 17 18 19 | 19.0
Ice Magic      | 4 5 6 7 8 10 11 12 13 14 15 16 17 18 19 | 19.0
Air Magic      | 4 5 6 7 8 10 11 12 13 14 15 16 17 18 19 | 19.0
Earth Magic    | 4 5 6 7 8 10 11 12 13 14 15 16 17 18 19 | 19.0
Alchemy        | 4 5 6 7 8 10 11 12 13 14 15 16 17 18 19 | 19.0
Short Blades   | 2 4 6 |  6.0
Dodging        | 4 5 8 9 10 11 13 14 16 17 18 19 | 19.4
Evocations     | 2 4 6 8 10 12 13 14 15 16 17 | 17.4
Polearms       | 2 |  2.0
Invocations    | 5 8 9 11 12 13 20 | 20.0
Armour         | 1 5 7 9 11 12 13 | 13.2
Shields        | 5 6 7 9 11 13 14 15 16 | 16.0

Action                     |  1- 3 |  4- 6 |  7- 9 | 10-12 | 13-15 | 16-18 | 19-21 | 22-24 | 25-27 || total
---------------------------+-------+-------+-------+-------+-------+-------+-------+-------+-------++-------
  Melee: Dagger            |     1 |    27 |    95 |    47 |   331 |    44 |       |       |       ||   545
         Short sword       |       |       |    45 |    38 |       |       |       |       |       ||    83
         Punch             |       |       |     2 |     5 |     4 |       |       |       |       ||    11
         Spear             |       |       |       |   204 |    61 |       |       |       |       ||   265
         Staff             |       |       |       |       |     1 |       |     9 |       |     7 ||    17
         Scimitar          |       |       |       |       |     3 |     7 |       |       |       ||    10
  Throw: Dart              |       |    11 |    51 |    23 |    73 |     2 |       |       |       ||   160
         Javelin           |       |     2 |       |       |       |       |       |       |       ||     2
   Cast: Magic Dart        |    61 |    32 |    73 |    59 |    14 |       |       |       |       ||   239
         Call Imp          |     4 |    10 |    31 |    35 |     6 |     2 |     2 |       |       ||    90
         Summon Small Mamm |     3 |     5 |     4 |    11 |     2 |     4 |     2 |       |       ||    31
         Mephitic Cloud    |       |     4 |    22 |    42 |    93 |    15 |     2 |       |       ||   178
         Jinxbite          |       |     1 |     2 |     3 |       |       |       |       |       ||     6
         Mercury Vapours   |       |       |    63 |    31 |    49 |       |     3 |       |     1 ||   147
         Cause Fear        |       |       |     3 |       |     2 |     5 |     2 |       |       ||    12
         Arcjolt           |       |       |       |    47 |   226 |    91 |    57 |    24 |    22 ||   467
         Slow              |       |       |       |     2 |     4 |       |       |       |       ||     6
         Blink             |       |       |       |       |     4 |     3 |     3 |       |     2 ||    12
         Plasma Beam       |       |       |       |       |   106 |   436 |   449 |   430 |   534 ||  1955
         Death Channel     |       |       |       |       |       |     1 |       |       |       ||     1
         Silence           |       |       |       |       |       |     1 |       |       |       ||     1
         Haunt             |       |       |       |       |       |       |    66 |    17 |   121 ||   204
         Ozocubu's Refrige |       |       |       |       |       |       |       |   112 |   271 ||   383
 Invoke: Minor Destruction |       |       |       |     3 |       |       |       |       |       ||     3
         Lesser Servant of |       |       |       |     2 |     5 |       |       |       |       ||     7
         Greater Servant o |       |       |       |       |       |       |       |       |    12 ||    12
  Evoke: Wand              |       |       |       |    24 |    12 |     7 |     8 |     2 |    42 ||    95
         Lightning rod     |       |       |       |       |       |     4 |       |       |       ||     4
         Box of beasts     |       |       |       |       |       |       |       |       |     2 ||     2
         Phial of floods   |       |       |       |       |       |       |       |       |     1 ||     1
    Use: Scroll            |       |     4 |     4 |    12 |    12 |     4 |    10 |     4 |    27 ||    77
         Potion            |       |       |       |       |     1 |     2 |     2 |     1 |    27 ||    33
   Stab: Sleeping          |     1 |     1 |     3 |     2 |     2 |       |       |       |       ||     9
         Confused          |       |     2 |     3 |    18 |    39 |     3 |       |       |       ||    65
         Paralysed         |       |       |       |     8 |       |     1 |       |       |       ||     9
         Distracted        |       |       |       |     1 |     2 |     4 |       |       |     1 ||     8
 Armour: Robe              |     5 |    11 |    93 |    73 |       |       |       |       |       ||   182
         Leather armour    |       |       |       |    79 |   189 |   112 |    58 |       |       ||   438
         Troll leather arm |       |       |       |       |       |       |       |    47 |   247 ||   294
         Skin              |       |       |       |       |       |       |       |       |     2 ||     2
  Dodge: Dodged            |     9 |    22 |   118 |   153 |   276 |   101 |    62 |    47 |   155 ||   943
  Block: Buckler           |       |       |       |       |    12 |    67 |    27 |       |       ||   106
         Reflection        |       |       |       |       |       |     2 |     8 |       |       ||    10
         Kite shield       |       |       |       |       |       |       |    18 |    40 |   121 ||   179

Table legend: (Time is in decaauts)
 A = Elapsed time spent in this place.
 B = Non-inter-level travel time spent in this place.
 C = Inter-level travel time spent in this place.
 D = Time resting spent in this place.
 E = Time spent auto-exploring this place.
 F = Levels seen in this place.
 G = Mean time per level.
                   A        B        C        D        E       F      G
               +--------+--------+--------+--------+--------+-----+--------+
         Total |  60925 |  53670 |   7255 |   8528 |  25852 |  49 | 1243.4 |
       Dungeon |  18553 |  15678 |   2875 |   2545 |   6299 |  15 | 1236.9 |
        Temple |     74 |      2 |     72 |      0 |      0 |   1 |   74.0 |
          Lair |   8538 |   7608 |    930 |   1988 |   3408 |   5 | 1707.6 |
         Swamp |   2938 |   2607 |    331 |    185 |   1584 |   4 |  734.5 |
   Spider Nest |   3892 |   3613 |    279 |    659 |   1683 |   4 |  973.0 |
  Orcish Mines |   3225 |   2728 |    497 |   1029 |    745 |   2 | 1612.5 |
   Elven Halls |   3670 |   3211 |    459 |    342 |   1663 |   3 | 1223.3 |
        Vaults |   7479 |   6770 |    709 |    504 |   4001 |   5 | 1495.8 |
        Depths |   3589 |   3024 |    565 |    118 |   2101 |   4 |  897.2 |
           Zot |   8810 |   8275 |    535 |   1094 |   4368 |   5 | 1762.0 |
      Ice Cave |    151 |    151 |      0 |     64 |      0 |   1 |  151.0 |
               +--------+--------+--------+--------+--------+-----+--------+

Top non-repeatable levels by time:
   Zot:5: 3948 daAuts
  Lair:5: 3220 daAuts
   Orc:2: 2445 daAuts
     D:6: 2100 daAuts
    D:11: 1790 daAuts
Vaults:2: 1752 daAuts
Vaults:5: 1740 daAuts
   Zot:4: 1659 daAuts
Vaults:1: 1639 daAuts
   Elf:3: 1601 daAuts
  Lair:3: 1558 daAuts
     D:5: 1554 daAuts
     D:3: 1515 daAuts
     D:4: 1480 daAuts
  Lair:2: 1376 daAuts
